 Dungeon Crawl Stone Soup version 0.31-a0-1616-gbeaec30b81 (webtiles) character file.

Game seed: 1450936558352508435

98 MisterAzrael the Magician (level 5, -3/40 HPs)
             Began as a Djinni Fire Elementalist on Jan 10, 2024.
             Slain by a gnoll
             ... wielding a +0 spear
              (10 damage)
             ... on level 4 of the Dungeon.
             The game lasted 00:03:19 (1698 turns).

MisterAzrael the Magician (DjFE)                    Turns: 1698, Time: 00:03:20

Health: -3/40      AC:  2    Str:  9    XL:     5   Next: 1%
Gold:   228        EV: 12    Int: 16    God:
                   SH:  5    Dex: 14

rFire   + + .        (no weapon)
rCold   x . .        (no shield)
rNeg    . . .        a - +0 robe
rPois   ∞            (no helmet)
rElec   .            (no cloak)
rCorr   .            (no gloves)
SInv    .            (boots unavailable)
Will    .....        d - amulet of reflection
Stlth   ++           (no ring)
HPRegen 0.26/turn    (no ring)
MPRegen 0.00/turn

%: reflection, infuse magic (-4 HP)
@: flying
A: sickness immunity, fire resistance 2, cold vulnerability 1, float, innate
caster, HP casting, extra vitality 1
a: no special abilities


You were on level 4 of the Dungeon.
You visited 1 branch of the dungeon, and saw 4 of its levels.

You collected 228 gold pieces.

Inventory:

Armour
 a - a +0 robe (worn)
Jewellery
 d - an amulet of reflection (around neck)
Wands
 k - a wand of flame (9)
Scrolls
 e - 2 scrolls of enchant weapon {unknown}
 i - a scroll of fog {unknown}
 j - a scroll of fear {unknown}
Potions
 c - a potion of attraction {unknown}
 f - a potion of heal wounds {unknown}
 g - a potion of haste {unknown}
 h - a potion of berserk rage {unknown}


   Skills:
 * Level 3.2 Fighting
 - Level 2.1 Dodging
 - Level 1.5 Stealth
 + Level 3.6 Spellcasting
 + Level 3.6 Conjurations
 + Level 3.6 Hexes
   Level 0.0 Charms
 + Level 3.6 Summonings
 + Level 3.6 Necromancy
 + Level 3.6 Translocations
   Level 0.0 Transmutations
 + Level 3.6 Fire Magic
 + Level 3.6 Ice Magic
 + Level 3.6 Air Magic
 + Level 3.6 Earth Magic
 + Level 3.6 Alchemy


You knew the following spells:

 Your Spells              Type           Power      Damage    Failure   Level
a - Foxfire               Conj/Fire      56%        2x1d6     4%          1
b - Scorch                Fire           28%        2d6       6%          2
c - Volatile Blastmotes   Fire/Tloc      28%        2d12      12%         3
d - Inner Flame           Hex/Fire       14%        N/A       12%         3
e - Flame Wave            Conj/Fire      14%        2d6       36%         4
f - Sandblast             Erth           28%        2d8       4%          1
g - Jinxbite              Hex            28%        N/A       6%          2
Your spell library was empty.

Dungeon Overview and Level Annotations

Branches:
Dungeon (4/15)
 Temple: D:4-7

Altars:
Cheibriados

Shops:
D:3 [


Innate Abilities, Weirdness & Mutations

You are immune to sickness and miasma.
You are immune to poison.
Your flesh is very heat resistant. (rF++)
You are vulnerable to cold. (rC-)
You float through the air rather than walking.
You learn spells naturally, not from books.
Your magical power is your life essence.
You have superior vitality. (+4 MHP)


Message History

Aim: a gnoll, wielding a +0 spear (chance to affect: 75%)
You miscast Inner Flame.
You are very lightly contaminated with residual magic.
You feel off-balance for a moment.
You feel yourself slow down.
Casting: Inner Flame (dangerous; 12% risk of failure)
Confirm with . or Enter, or press ? or * to list all spells.
Aiming: Inner Flame (dangerous; 12% risk of failure)
Press: ? - help, Dir - move target, f/p - gnoll
Aim: a gnoll, wielding a +0 spear (chance to affect: 75%)
The gnoll struggles to resist.
The gnoll misses you.
The gnoll hits you from afar with a +0 spear!
* * * LOW HITPOINT WARNING * * *
You feel yourself speed up.
It was a potion of curing.
You feel better. The gnoll attacks as it pursues you!
The gnoll barely misses you.
Your magical contamination has completely faded away.
Found a stone staircase leading down.
The gnoll attacks as it pursues you!
The gnoll hits you from afar with a +0 spear.
Casting: Inner Flame (dangerous; 12% risk of failure)
Confirm with . or Enter, or press ? or * to list all spells.
Aiming: Inner Flame (dangerous; 12% risk of failure)
Press: ? - help, Dir - move target, f/p - gnoll
Aim: a gnoll, wielding a +0 spear (chance to affect: 75%)
The gnoll struggles to resist.
The gnoll hits you from afar with a +0 spear!
* * * LOW HITPOINT WARNING * * *
Casting: Inner Flame (dangerous; 12% risk of failure)
Confirm with . or Enter, or press ? or * to list all spells.
You conjure some foxfire!
* * * LOW HITPOINT WARNING * * *
The gnoll misses you.
Your foxfire dissipates!
The foxfire hits the gnoll but does no damage.
Casting: Foxfire (safe; 4% risk of failure)
Confirm with . or Enter, or press ? or * to list all spells.
You conjure some foxfire!
* * * LOW HITPOINT WARNING * * *
The gnoll hits you from afar with a +0 spear!
You die...

....#.... #...# ..###
........# #.[##.....###
...#....###.####......#
............###....>.#
..........#...#..#...##
..........#..g...#....#
......##..##..g.......#
................v$.##.
................@.##
................v..#
.....................#
...#...............#....
...#..........##...# ...
.<.#..........#..... ..
..................... .
...:......... .......
....###..


You could see 2 gnolls.

Vanquished Creatures
  Jessica (D:2)
  An adder (D:3)
  A gnoll (D:4)
  3 dart slugs
  An orc (D:3)
  6 bats
  3 endoplasms
  2 giant cockroaches
  7 goblins
  A hobgoblin (D:1)
  3 jackals (D:3)
  6 kobolds
  7 ball pythons
  3 frilled lizards
  5 rats
50 creatures vanquished.

Vanquished Creatures (others)
  109 foxfires
109 creatures vanquished.

Grand Total: 159 creatures vanquished

Notes
Turn   | Place    | Note
-------+----------+-------------------------------------------
     0 | D:1      | MisterAzrael the Djinni Fire Elementalist began the quest
                  | for the Orb.
     0 | D:1      | MisterAzrael set off with the following spells memorised:
                  | Foxfire, Scorch, Volatile Blastmotes, Inner Flame, Flame
                  | Wave.
     0 | D:1      | Reached XP level 1. HP: 15/15 MP: 0/0
    75 | D:1      | Reached XP level 2. HP: 19/22 MP: 0/0
   136 | D:1      | Reached skill level 1 in Fighting
   390 | D:1      | Reached XP level 3. HP: 24/28 MP: 0/0
   390 | D:1      | Learned a level 1 spell: Sandblast
   659 | D:2      | Noticed Jessica
   664 | D:2      | Killed Jessica
   665 | D:2      | Reached XP level 4. HP: 32/34 MP: 0/0
  1223 | D:3      | Noticed an animated crystal plate armour
  1224 | D:3      | Found Paosk's Armour Shop.
  1225 | D:3      | Noticed an animated plate armour
  1359 | D:3      | Found a snail-covered altar of Cheibriados.
  1676 | D:4      | Reached XP level 5. HP: 21/40 MP: 0/0
  1676 | D:4      | Learned a level 2 spell: Jinxbite
  1698 | D:4      | Slain by a gnoll

Illustrated notes

Levels and vault maps discovered:
D:1:      wander_arrival_chamber, layout_rooms
D:2:      layout_rooms, uniq_jessica
D:3:      layout_loops_ring, cheibriados_altar_1, serial_shops,
          nicolae_shop_mannequins
D:4:      layout_cave_pools

Skill      XL: |  1  2  3  4 |
---------------+-------------+-----
Fighting       | 1 2 3 |  3.2
Dodging        | |  2.1
Stealth        | |  1.5
Spellcasting   | |  3.6
Conjurations   | |  3.6
Hexes          | |  3.6
Summonings     | |  3.6
Necromancy     | |  3.6
Translocations | |  3.6
Fire Magic     | |  3.6
Ice Magic      | |  3.6
Air Magic      | |  3.6
Earth Magic    | |  3.6
Alchemy        | |  3.6

Action                     |  1- 3 |  4- 6 || total
---------------------------+-------+-------++-------
   Cast: Foxfire           |    64 |     2 ||    66
         Sandblast         |       |    39 ||    39
         Inner Flame       |       |     3 ||     3
    Use: Scroll            |     2 |       ||     2
         Potion            |       |     1 ||     1
 Armour: Robe              |       |     7 ||     7
  Dodge: Dodged            |     3 |     8 ||    11
  Block: Other             |       |     4 ||     4
         Reflection        |       |     2 ||     2

Table legend: (Time is in decaauts)
 A = Elapsed time spent in this place.
 B = Non-inter-level travel time spent in this place.
 C = Inter-level travel time spent in this place.
 D = Time resting spent in this place.
 E = Time spent auto-exploring this place.
 F = Levels seen in this place.
 G = Mean time per level.
                   A        B        C        D        E       F      G
               +--------+--------+--------+--------+--------+-----+--------+
         Total |   1718 |   1669 |     49 |      5 |   1346 |   4 |  429.5 |
       Dungeon |   1718 |   1669 |     49 |      5 |   1346 |   4 |  429.5 |
               +--------+--------+--------+--------+--------+-----+--------+

Top non-repeatable levels by time:
     D:3: 651 daAuts
     D:1: 574 daAuts
     D:2: 429 daAuts
     D:4: 64 daAuts
